TOP OF THE 1ST |
Miami (APP) Marlins batting - Pitching for Billings Mustangs : RHP Victor Uriegas
|
Pitching: RHP Victor Uriegas
|
|
Batting: RHB Jason Thrash
|
0-0: Called Strike 0-1: Called Strike 0-2: Foul Ball, location: 2F 0-2: Strikes out swinging
|
Batting: RHB Adrian Bocker
|
0-0: Called Strike 0-1: Foul Ball, location: 2F 0-2: Ball 1-2: Strikes out swinging
|
Batting: RHB Mario Cota
|
0-0: Called Strike 0-1: Ball 1-1: Ball 2-1: Ball 3-1: Base on Balls
|
Batting: SHB Matt Moore
|
0-0: Called Strike 0-1: Ball 1-1: Foul Ball, location: 2F 1-2: Fly out, F4 (Flyball, 34D, EV 92.5 MPH)
|
Top of the 1st over - 0 runs, 0 hits, 0 errors, 1 left on base; Miami (APP) 0 - Billings 0 |
BOTTOM OF THE 1ST |
Billings Mustangs batting - Pitching for Miami (APP) Marlins : LHP Melvin Castro
|
Pitching: LHP Melvin Castro
|
|
Batting: RHB Cyd Carver
|
0-0: Ball 1-0: SINGLE (Groundball, 56S, EV 71.9 MPH) (infield hit)
|
Batting: LHB David Moore
|
0-0: Ball 1-0: Called Strike 1-1: Swinging Strike 1-2: Ball 2-2: Ball Cyd Carver steals 2nd base 3-2: Strikes out swinging
|
Batting: RHB Nick Miller
|
0-0: Ball 1-0: Called Strike 1-1: Called Strike Cyd Carver steals 3rd base (no throw) 1-2: Reached on error, E5 (Groundball, 56, EV 103.1 MPH) Cyd Carver scores
|
Batting: RHB Jonathan Robies
|
0-0: Ball Passed Ball! Nick Miller to third 1-0: Ball 2-0: Ball 3-0: Base on Balls
|
Batting: LHB Matthew Berry
|
0-0: Fly out, F7 (Line Drive, 7, EV 91.9 MPH) Runner from 3rd tags up, SCORES, throw by LF
|
Batting: RHB Jay Jacobson
|
0-0: Called Strike 0-1: Foul Ball, location: 2F 0-2: Ball 1-2: Fielders Choice at 2nd, U6 (Groundball, 6M, EV 90.0 MPH)
|
Bottom of the 1st over - 2 runs, 1 hit, 1 error, 1 left on base; Miami (APP) 0 - Billings 2 |
TOP OF THE 2ND |
Miami (APP) Marlins batting - Pitching for Billings Mustangs : RHP Victor Uriegas
|
Batting: RHB Matt Alexander
|
0-0: Ball 1-0: Fly out, F6 (Line Drive, 6, EV 65.6 MPH)
|
Batting: RHB Keith Bennett
|
0-0: Ball 1-0: Called Strike 1-1: Ball 2-1: Called Strike 2-2: Strikes out looking
|
Batting: RHB Rick Knoblauch
|
0-0: Ball 1-0: Foul Ball, location: 2F 1-1: Ground out U3 (Groundball, 34, EV 108.1 MPH)
|
Top of the 2nd over - 0 runs, 0 hits, 0 errors, 0 left on base; Miami (APP) 0 - Billings 2 |
BOTTOM OF THE 2ND |
Billings Mustangs batting - Pitching for Miami (APP) Marlins : LHP Melvin Castro
|
Batting: LHB Jon Goddard
|
0-0: Called Strike 0-1: SINGLE (Groundball, 34D, EV 96.9 MPH)
|
Batting: RHB Yutaka Sato
|
0-0: Ball 1-0: Called Strike 1-1: Ball 2-1: Swinging Strike 2-2: Strikes out swinging
|
Batting: RHB Jon Monteith
|
0-0: Ball 1-0: Called Strike 1-1: Swinging Strike 1-2: Ball 2-2: Strikes out swinging
|
Batting: RHB Cyd Carver
|
0-0: Called Strike 0-1: Called Strike 0-2: Ball 1-2: Strikes out looking
|
Bottom of the 2nd over - 0 runs, 1 hit, 0 errors, 1 left on base; Miami (APP) 0 - Billings 2 |
TOP OF THE 3RD |
Miami (APP) Marlins batting - Pitching for Billings Mustangs : RHP Victor Uriegas
|
Batting: LHB Gavrilo Brkic
|
0-0: Called Strike 0-1: Called Strike 0-2: Strikes out swinging
|
Batting: LHB Bryan Wedge
|
0-0: Ball 1-0: Ball 2-0: Fly out, F8 (Flyball, 8LD, EV 89.4 MPH)
|
Batting: RHB Jason Thrash
|
0-0: Called Strike 0-1: Called Strike 0-2: Strikes out looking
|
Top of the 3rd over - 0 runs, 0 hits, 0 errors, 0 left on base; Miami (APP) 0 - Billings 2 |
BOTTOM OF THE 3RD |
Billings Mustangs batting - Pitching for Miami (APP) Marlins : LHP Melvin Castro
|
Batting: LHB David Moore
|
0-0: Called Strike 0-1: Ball 1-1: Swinging Strike 1-2: Foul Ball, location: 2F 1-2: Foul Ball, location: 2F 1-2: Foul Ball, location: 2F 1-2: Fly out, F5 (Popup, 5F, EV 58.1 MPH)
|
Batting: RHB Nick Miller
|
0-0: Called Strike 0-1: Ball 1-1: Fly out, F7 (Flyball, 7, EV 86.9 MPH)
|
Batting: RHB Jonathan Robies
|
0-0: Ball 1-0: Called Strike 1-1: Ball 2-1: Swinging Strike 2-2: Foul Ball, location: 2F 2-2: Ball 3-2: Base on Balls
|
Batting: LHB Matthew Berry
|
0-0: Foul Ball, location: 2F 0-1: SINGLE (Groundball, 4MD, EV 96.9 MPH) Jonathan Robies to second Throwing error, E8 Jonathan Robies scores Matthew Berry to second
|
Batting: RHB Jay Jacobson
|
0-0: Swinging Strike 0-1: Ball 1-1: Called Strike 1-2: Ball 2-2: Reached on error, E6 (Groundball, 6, EV 99.4 MPH) Matthew Berry scores
|
Batting: LHB Jon Goddard
|
0-0: Ball 1-0: SINGLE (Groundball, 34D, EV 103.1 MPH) Jay Jacobson to third
|
Batting: RHB Yutaka Sato
|
0-0: Ball 1-0: DOUBLE (Groundball, 5L, EV 102.5 MPH) Jay Jacobson scores Jon Goddard to third Runner from 3rd tries for Home, SAFE, no throw by LF
|
Batting: RHB Jon Monteith
|
0-0: Fly out, F8 (Flyball, 89M, EV 81.2 MPH)
|
Bottom of the 3rd over - 4 runs, 3 hits, 2 errors, 1 left on base; Miami (APP) 0 - Billings 6 |
TOP OF THE 4TH |
Miami (APP) Marlins batting - Pitching for Billings Mustangs : RHP Victor Uriegas
|
Batting: RHB Adrian Bocker
|
0-0: Ball 1-0: Swinging Strike 1-1: Swinging Strike 1-2: Foul Ball, location: 2F 1-2: Strikes out swinging
|
Batting: RHB Mario Cota
|
0-0: Called Strike 0-1: SOLO HOME RUN (Flyball, 7D, EV 96.9 MPH), Distance : 372 ft
|
Batting: SHB Matt Moore
|
0-0: Ball 1-0: Called Strike 1-1: Swinging Strike 1-2: Ground out 6-3 (Groundball, 4, EV 90.6 MPH)
|
Batting: RHB Matt Alexander
|
0-0: Called Strike 0-1: Ball 1-1: Swinging Strike 1-2: Strikes out looking
|
Top of the 4th over - 1 run, 1 hit, 0 errors, 0 left on base; Miami (APP) 1 - Billings 6 |
BOTTOM OF THE 4TH |
Billings Mustangs batting - Pitching for Miami (APP) Marlins : LHP Melvin Castro
|
Batting: RHB Cyd Carver
|
0-0: Swinging Strike 0-1: Ball 1-1: Ball 2-1: Ball 3-1: SINGLE (Groundball, 4M, EV 110.0 MPH)
|
Batting: LHB David Moore
|
0-0: Ball 1-0: Foul Ball, location: 2F 1-1: Ball 2-1: SINGLE (Groundball, 4D, EV 98.1 MPH) Cyd Carver to second Runner from 2nd tries for 3rd, SAFE, throw by CF made to third David Moore to second
|
Pitching: LHP Tyler Murders
|
|
Batting: RHB Nick Miller
|
0-0: Ball 1-0: Ball 2-0: Ball 3-0: Called Strike 3-1: Base on Balls
|
Batting: RHB Jonathan Robies
|
0-0: GRAND SLAM HOME RUN (Flyball, 89XD, EV 110.0 MPH), Distance : 406 ft
|
Batting: LHB Matthew Berry
|
0-0: Foul Ball, location: 2F 0-1: Ball 1-1: Called Strike 1-2: Ball 2-2: Foul Ball, location: 2F 2-2: SINGLE (Groundball, 4MD, EV 110.6 MPH)
|
Batting: RHB Jay Jacobson
|
0-0: Called Strike 0-1: Fielders Choice at 2nd, 6-4 (Groundball, 6, EV 80.0 MPH)
|
Batting: LHB Jon Goddard
|
0-0: Called Strike 0-1: Ball 1-1: SINGLE (Groundball, 4MD, EV 98.8 MPH) Jay Jacobson to second Jay Jacobson to third
|
Batting: RHB Yutaka Sato
|
0-0: Called Strike 0-1: Ball 1-1: SINGLE (Groundball, 6MD, EV 106.2 MPH) Jay Jacobson scores Jon Goddard to second
|
Pitching: LHP Mike Wasson
|
|
Batting: RHB Jon Monteith
|
0-0: Called Strike 0-1: Ball 1-1: Ball 2-1: Foul Ball, location: 2F 2-2: Ball 3-2: Fly out, F6 (Popup, 4M, EV 52.5 MPH)
|
Batting: RHB Cyd Carver
|
0-0: Called Strike 0-1: Foul Ball, location: 2F 0-2: Ball 1-2: Strikes out swinging
|
Bottom of the 4th over - 5 runs, 6 hits, 0 errors, 2 left on base; Miami (APP) 1 - Billings 11 |
TOP OF THE 5TH |
Miami (APP) Marlins batting - Pitching for Billings Mustangs : RHP Victor Uriegas
|
Batting: RHB Keith Bennett
|
0-0: Called Strike 0-1: Swinging Strike 0-2: Strikes out looking
|
Batting: RHB Rick Knoblauch
|
0-0: Called Strike 0-1: Ball 1-1: Ball 2-1: Fly out, F5 (Popup, 25, EV 86.9 MPH)
|
Batting: LHB Gavrilo Brkic
|
0-0: Called Strike 0-1: Ball 1-1: Foul Ball, location: 2F 1-2: Strikes out swinging
|
Top of the 5th over - 0 runs, 0 hits, 0 errors, 0 left on base; Miami (APP) 1 - Billings 11 |
BOTTOM OF THE 5TH |
Billings Mustangs batting - Pitching for Miami (APP) Marlins : LHP Mike Wasson
|
Batting: LHB David Moore
|
0-0: Called Strike 0-1: Ball 1-1: Ball 2-1: Ball 3-1: Foul Ball, location: 2F 3-2: Strikes out swinging
|
Batting: RHB Nick Miller
|
0-0: Fly out, F8 (Flyball, 8RM, EV 86.2 MPH)
|
Batting: RHB Jonathan Robies
|
0-0: Ball 1-0: Ball 2-0: Ball 3-0: Called Strike 3-1: Called Strike 3-2: Strikes out swinging
|
Bottom of the 5th over - 0 runs, 0 hits, 0 errors, 0 left on base; Miami (APP) 1 - Billings 11 |
TOP OF THE 6TH |
Miami (APP) Marlins batting - Pitching for Billings Mustangs : RHP Victor Uriegas
|
Batting: LHB Bryan Wedge
|
0-0: Swinging Strike 0-1: Ball 1-1: Foul Ball, location: 2F 1-2: Foul Ball, location: 2F 1-2: Foul Ball, location: 2F 1-2: Strikes out swinging
|
Batting: RHB Jason Thrash
|
0-0: Ball 1-0: Ball 2-0: DOUBLE (Groundball, 5L, EV 100.0 MPH)
|
Batting: RHB Adrian Bocker
|
0-0: Foul Ball, location: 2F 0-1: Ball 1-1: Called Strike 1-2: Strikes out swinging
|
Batting: RHB Mario Cota
|
0-0: Ball 1-0: Ball 2-0: Ball 3-0: Base on Balls
|
Batting: SHB Matt Moore
|
0-0: Foul Ball, location: 2F 0-1: Ground out 4-3 (Groundball, 4, EV 102.5 MPH)
|
Top of the 6th over - 0 runs, 1 hit, 0 errors, 2 left on base; Miami (APP) 1 - Billings 11 |
BOTTOM OF THE 6TH |
Billings Mustangs batting - Pitching for Miami (APP) Marlins : LHP Mike Wasson
|
Pitching: RHP Jeremy Akande
|
|
Batting: LHB Matthew Berry
|
0-0: Ball 1-0: Ball 2-0: Ball 3-0: Base on Balls
|
Batting: RHB Jay Jacobson
|
0-0: Ball 1-0: Ball 2-0: Called Strike 2-1: Fielders Choice at 2nd, 4-6 (Groundball, 4, EV 98.1 MPH)
|
Batting: LHB Jon Goddard
|
0-0: Fly out, F2 (Popup, 2R, EV 92.5 MPH)
|
Batting: RHB Yutaka Sato
|
0-0: Ball 1-0: Foul Ball, location: 2F 1-1: Fielders Choice at 2nd, 5-4 (Groundball, 56, EV 85.0 MPH)
|
Bottom of the 6th over - 0 runs, 0 hits, 0 errors, 1 left on base; Miami (APP) 1 - Billings 11 |
TOP OF THE 7TH |
Miami (APP) Marlins batting - Pitching for Billings Mustangs : RHP Victor Uriegas
|
Batting: RHB Matt Alexander
|
0-0: Ball 1-0: Ball 2-0: Ball 3-0: Base on Balls
|
Pitching: RHP Vladislav Prochazka
|
|
Batting: RHB Keith Bennett
|
0-0: Called Strike 0-1: Foul Ball, location: 2F 0-2: Ball 1-2: Foul Ball, location: 2F 1-2: Fly out, F4 (Popup, 34, EV 64.4 MPH)
|
Batting: RHB Rick Knoblauch
|
0-0: Grounds into double play, 6-4-3 (Groundball, 6S, EV 82.5 MPH)
|
Top of the 7th over - 0 runs, 0 hits, 0 errors, 0 left on base; Miami (APP) 1 - Billings 11 |
BOTTOM OF THE 7TH |
Billings Mustangs batting - Pitching for Miami (APP) Marlins : RHP Jeremy Akande
|
Batting: RHB Jon Monteith
|
0-0: Ball 1-0: Called Strike 1-1: Foul Ball, location: 2F 1-2: Ball 2-2: DOUBLE (Flyball, 8LXD, EV 93.8 MPH)
|
Batting: RHB Cyd Carver
|
0-0: Ball Wild Pitch! Jon Monteith to third 1-0: Swinging Strike 1-1: Ground out 6-3 (Groundball, 6, EV 106.2 MPH) Jon Monteith scores
|
Pitching: RHP Adam Brown
|
|
Batting: LHB David Moore
|
0-0: Ball 1-0: Called Strike 1-1: Called Strike 1-2: Foul Ball, location: 2F 1-2: Ball 2-2: SINGLE (Groundball, 56S, EV 72.5 MPH) (infield hit)
|
Batting: RHB Nick Miller
|
0-0: Fielders Choice at 2nd, 6-4 (Groundball, 56, EV 93.1 MPH)
|
Batting: RHB Jonathan Robies
|
0-0: Ball 1-0: Ball 2-0: Foul Ball, location: 2F 2-1: SINGLE (Groundball, P, EV 81.2 MPH) (infield hit) Nick Miller to second
|
Batting: LHB Matthew Berry
|
0-0: SINGLE (Line Drive, 7S, EV 104.4 MPH) Nick Miller to third Jonathan Robies to second Runner from 3rd tries for Home, throw by LF and OUT! 7-2
|
Bottom of the 7th over - 1 run, 4 hits, 0 errors, 2 left on base; Miami (APP) 1 - Billings 12 |
TOP OF THE 8TH |
Miami (APP) Marlins batting - Pitching for Billings Mustangs : RHP Vladislav Prochazka
|
Batting: LHB Gavrilo Brkic
|
0-0: Called Strike 0-1: Called Strike 0-2: Ball 1-2: Strikes out looking
|
Batting: LHB Bryan Wedge
|
0-0: Ball 1-0: Ball 2-0: Called Strike 2-1: Ground out 6-3 (Groundball, 6, EV 90.0 MPH)
|
Batting: RHB Jason Thrash
|
0-0: Ball 1-0: Ball 2-0: Ball 3-0: Ground out 4-3 (Groundball, 4, EV 81.2 MPH)
|
Top of the 8th over - 0 runs, 0 hits, 0 errors, 0 left on base; Miami (APP) 1 - Billings 12 |
BOTTOM OF THE 8TH |
Billings Mustangs batting - Pitching for Miami (APP) Marlins : RHP Adam Brown
|
Batting: RHB Jay Jacobson
|
0-0: Foul Ball, location: 2F 0-1: Ball 1-1: Ball 2-1: Foul Ball, location: 2F 2-2: Ball 3-2: Reached on error, E5 (Groundball, 56, EV 101.9 MPH)
|
Batting: LHB Jon Goddard
|
0-0: Called Strike 0-1: 2-RUN HOME RUN (Line Drive, 9D, EV 99.4 MPH), Distance : 384 ft
|
Batting: RHB Yutaka Sato
|
0-0: Ball 1-0: DOUBLE (Line Drive, 8RD, EV 106.9 MPH)
|
Batting: RHB Jon Monteith
|
0-0: Ball 1-0: Ball 2-0: Swinging Strike 2-1: SINGLE (Groundball, 6MD, EV 98.1 MPH) Yutaka Sato to third
|
Batting: RHB Cyd Carver
|
0-0: Ball 1-0: Single, Error in OF, E8, batter to second base (Groundball, 6D, EV 93.8 MPH) Yutaka Sato scores Jon Monteith to third
|
Batting: LHB David Moore
|
0-0: Ball 1-0: Called Strike 1-1: Swinging Strike 1-2: Ball 2-2: Ball 3-2: Base on Balls
|
Batting: RHB Nick Miller
|
0-0: Swinging Strike 0-1: Ball 1-1: Ball 2-1: Foul Ball, location: 2F 2-2: Foul Ball, location: 2F 2-2: Ball 3-2: Base on Balls Jon Monteith scores Cyd Carver to third David Moore to second
|
Batting: RHB Jonathan Robies
|
0-0: Ball 1-0: Ball 2-0: Ball 3-0: Foul Ball, location: 2F 3-1: Base on Balls Cyd Carver scores David Moore to third Nick Miller to second
|
Batting: LHB Matthew Berry
|
0-0: SINGLE (Groundball, 4M, EV 106.2 MPH) (infield hit) David Moore scores Nick Miller to third Jonathan Robies to second
|
Batting: RHB Jay Jacobson
|
0-0: Ball 1-0: Ball 2-0: Ball 3-0: Called Strike 3-1: Foul Ball, location: 2F 3-2: Strikes out swinging
|
Batting: LHB Jon Goddard
|
0-0: SINGLE (Groundball, 6D, EV 100.6 MPH) Nick Miller scores Jonathan Robies to third Matthew Berry to second Runner from 3rd tries for Home, throw by LF and OUT! 7-2
|
Batting: RHB Yutaka Sato
|
0-0: 3-RUN HOME RUN (Flyball, 7D, EV 98.8 MPH), Distance : 379 ft
|
Batting: RHB Jon Monteith
|
0-0: Swinging Strike 0-1: Foul Ball, location: 2F 0-2: SOLO HOME RUN (Flyball, 78XD, EV 99.4 MPH), Distance : 414 ft
|
Batting: RHB Cyd Carver
|
0-0: Ball 1-0: Ball 2-0: Ball 3-0: Called Strike 3-1: Foul Ball, location: 2F 3-2: Base on Balls
|
Batting: LHB David Moore
|
0-0: Foul Ball, location: 2F 0-1: Swinging Strike 0-2: SINGLE (Line Drive, 3L, EV 107.5 MPH) Cyd Carver to second
|
Batting: RHB Nick Miller
|
0-0: Ball 1-0: Ball 2-0: Swinging Strike 2-1: Ball 3-1: Foul Ball, location: 2F 3-2: Base on Balls Cyd Carver to third David Moore to second
|
Batting: RHB Jonathan Robies
|
0-0: DOUBLE (Line Drive, 8RXD, EV 110.0 MPH) Cyd Carver scores David Moore scores Nick Miller to third Runner from 3rd tries for Home, SAFE, no throw by CF
|
Batting: LHB Matthew Berry
|
0-0: Ball 1-0: Called Strike 1-1: SINGLE (Line Drive, 56D, EV 96.2 MPH) Jonathan Robies to third
|
Batting: RHB Jay Jacobson
|
0-0: Ball 1-0: Ball 2-0: Foul Ball, location: 2F 2-1: Ball 3-1: Base on Balls Matthew Berry to second
|
Batting: LHB Jon Goddard
|
0-0: Called Strike 0-1: Ball 1-1: Ball 2-1: Ball 3-1: Base on Balls Jonathan Robies scores Matthew Berry to third Jay Jacobson to second
|
Batting: RHB Yutaka Sato
|
0-0: Ball 1-0: Ball 2-0: Foul Ball, location: 2F 2-1: Ball 3-1: Base on Balls Matthew Berry scores Jay Jacobson to third Jon Goddard to second
|
Batting: RHB Jon Monteith
|
0-0: Called Strike 0-1: Ball 1-1: Ball 2-1: Called Strike 2-2: Ball 3-2: Foul Ball, location: 2F 3-2: Base on Balls Jay Jacobson scores Jon Goddard to third Yutaka Sato to second
|
Batting: RHB Cyd Carver
|
0-0: Fielders Choice at 2nd, U4 (Groundball, 4M, EV 91.9 MPH)
|
Bottom of the 8th over - 17 runs, 11 hits, 2 errors, 3 left on base; Miami (APP) 1 - Billings 29 |
TOP OF THE 9TH |
Miami (APP) Marlins batting - Pitching for Billings Mustangs : RHP Vladislav Prochazka
|
Batting: RHB Adrian Bocker
|
0-0: Called Strike 0-1: Ball 1-1: Ball 2-1: Swinging Strike 2-2: Strikes out swinging
|
Batting: RHB Mario Cota
|
0-0: Foul Ball, location: 2F 0-1: Ball 1-1: Foul Ball, location: 2F 1-2: Ground out 5-3 (Groundball, 56S, EV 88.8 MPH)
|
Batting: SHB Matt Moore
|
0-0: Ball 1-0: Swinging Strike 1-1: Foul Ball, location: 2F 1-2: Strikes out swinging
|
Top of the 9th over - 0 runs, 0 hits, 0 errors, 0 left on base; Miami (APP) 1 - Billings 29 |
|